2921 views
Uploaded 2019-12-01 23:37:26
Game version 1.32.0.3 / 1.32.0.3.1
7:32 long 4on4 ladder game on (8)Feralas_LV
Saved by BEARAND
2921 views
Uploaded 2019-12-01 23:37:26
Game version 1.32.0.3 / 1.32.0.3.1
7:32 long 4on4 ladder game on (8)Feralas_LV


72 units @ 5.4k
/ 0k
127 buildings @ 6.5k
/ 3.1k

| Boots of Speed | 1 | 250 |
| Staff of Teleportation | 1 | 150 |
| total: | 2 | 400g |
| Peasant | 17 | 1275 | / | 0 |
| total: | 17 | 1275g | / | 0w |
| Scout Tower | 24 | 720 | / | 480 |
| Guard Tower | 24 | 1680 | / | 1200 |
| Altar of Kings | 1 | 180 | / | 50 |
| Farm | 2 | 160 | / | 40 |
| Lumber Mill | 1 | 120 | / | 0 |
| Arcane Vault | 1 | 130 | / | 30 |
| total: | 29 | 1310g | / | 600w |
| 0:03 | Peasant |
| 0:03 | Peasant |
| 0:09 | Altar of Kings |
| 0:21 | Farm |
| 0:37 | Peasant |
| 0:37 | Peasant |
| 0:43 | Farm |
| 0:45 | Peasant |
| 0:53 | Peasant |
| 1:01 | Peasant |
| 1:04 | Lumber Mill |
| 1:33 | Peasant |
| 1:54 | Peasant |
| 2:10 | Summon Water Elemental |
| 2:53 | Scout Tower |
| 2:54 | Scout Tower |
| 2:54 | Scout Tower |
| 2:55 | Scout Tower |
| 3:12 | Scout Tower |
| 3:24 | Guard Tower |
| 3:25 | Scout Tower |
| 3:26 | Guard Tower |
| 3:26 | Scout Tower |
| 3:27 | Guard Tower |
| 3:35 | Scout Tower |
| 3:38 | Arcane Vault |
| 3:45 | Guard Tower |
| 3:46 | Scout Tower |
| 3:52 | Boots of Speed |
| 3:52 | Staff of Teleportation |
| 3:57 | Guard Tower |
| 3:58 | Guard Tower |
| 4:00 | Scout Tower |
| 4:00 | Scout Tower |
| 4:01 | Scout Tower |
| 4:02 | Scout Tower |
| 4:09 | Guard Tower |
| 4:13 | Guard Tower |
| 4:31 | Guard Tower |
| 4:35 | Peasant |
| 4:35 | Peasant |
| 4:35 | Peasant |
| 4:36 | Peasant |
| 4:36 | Peasant |
| 5:06 | Scout Tower |
| 5:07 | Scout Tower |
| 5:07 | Scout Tower |
| 5:08 | Scout Tower |
| 5:09 | Scout Tower |
| 5:10 | Scout Tower |
| 5:16 | Scout Tower |
| 5:17 | Scout Tower |
| 5:27 | Peasant |
| 5:27 | Peasant |
| 5:27 | Peasant |
| 6:16 | Guard Tower |
| 6:18 | Scout Tower |
| 6:18 | Scout Tower |
| 6:19 | Guard Tower |
| 6:20 | Guard Tower |
| 6:21 | Guard Tower |
| 6:41 | Guard Tower |
| 6:45 | Guard Tower |
| 6:47 | Guard Tower |
| 6:49 | Scout Tower |
| 7:17 | Brilliance Aura |
| Right click | 559 |
| Select group | 159 |
| Select | 140 |
| Chat | 77 |
| Build/train/purchase | 59 |
| Assign group | 9 |
| Misc. action | 7 |
| Use ability | 3 |

| Boots of Speed | 1 | 250 |
| total: | 1 | 250g |
| Peasant | 19 | 1425 | / | 0 |
| total: | 19 | 1425g | / | 0w |
| Scout Tower | 38 | 1140 | / | 760 |
| Guard Tower | 9 | 630 | / | 450 |
| Altar of Kings | 1 | 180 | / | 50 |
| Farm | 3 | 240 | / | 60 |
| Lumber Mill | 1 | 120 | / | 0 |
| Keep | 1 | 320 | / | 210 |
| total: | 43 | 1680g | / | 870w |
| 0:05 | Peasant |
| 0:05 | Peasant |
| 0:08 | Altar of Kings |
| 0:12 | Farm |
| 0:14 | Peasant |
| 0:22 | Farm |
| 0:29 | Peasant |
| 0:52 | Lumber Mill |
| 0:53 | Peasant |
| 1:03 | Peasant |
| 1:13 | Peasant |
| 1:25 | Farm |
| 1:27 | Peasant |
| 1:27 | Peasant |
| 1:43 | Peasant |
| 2:10 | Summon Water Elemental |
| 2:15 | Peasant |
| 2:15 | Peasant |
| 2:30 | Peasant |
| 2:32 | Improved Masonry |
| 2:46 | Scout Tower |
| 2:47 | Scout Tower |
| 2:47 | Scout Tower |
| 2:49 | Scout Tower |
| 2:51 | Scout Tower |
| 2:52 | Scout Tower |
| 3:02 | Peasant |
| 3:02 | Peasant |
| 3:16 | Guard Tower |
| 3:19 | Scout Tower |
| 3:19 | Scout Tower |
| 3:24 | Guard Tower |
| 3:33 | Guard Tower |
| 3:47 | Scout Tower |
| 3:48 | Scout Tower |
| 3:48 | Scout Tower |
| 3:49 | Peasant |
| 3:49 | Peasant |
| 3:54 | Guard Tower |
| 3:58 | Guard Tower |
| 4:12 | Brilliance Aura |
| 4:17 | Guard Tower |
| 4:22 | Guard Tower |
| 4:30 | Scout Tower |
| 4:33 | Scout Tower |
| 4:34 | Scout Tower |
| 4:36 | Scout Tower |
| 4:37 | Scout Tower |
| 4:39 | Scout Tower |
| 4:52 | Peasant |
| 4:52 | Peasant |
| 5:08 | Scout Tower |
| 5:08 | Scout Tower |
| 5:09 | Scout Tower |
| 5:10 | Scout Tower |
| 5:10 | Scout Tower |
| 5:11 | Scout Tower |
| 5:12 | Scout Tower |
| 5:13 | Scout Tower |
| 5:13 | Scout Tower |
| 5:14 | Scout Tower |
| 5:15 | Scout Tower |
| 5:15 | Scout Tower |
| 5:15 | Scout Tower |
| 5:17 | Scout Tower |
| 5:17 | Scout Tower |
| 5:18 | Scout Tower |
| 5:18 | Scout Tower |
| 5:20 | Scout Tower |
| 5:20 | Scout Tower |
| 5:21 | Scout Tower |
| 5:21 | Scout Tower |
| 5:42 | Boots of Speed |
| 6:14 | Keep |
| 6:32 | Guard Tower |
| 7:17 | Guard Tower |
| Select group | 459 |
| Right click | 227 |
| Chat | 95 |
| Select | 91 |
| Build/train/purchase | 62 |
| Assign group | 4 |
| Minimap ping | 4 |
| Misc. action | 3 |
| Item give/drop | 1 |
| Esc | 1 |

| Boots of Speed | 1 | 250 |
| Staff of Teleportation | 1 | 150 |
| total: | 2 | 400g |
| Peon | 16 | 1200 | / | 0 |
| total: | 16 | 1200g | / | 0w |
| Watch Tower | 8 | 880 | / | 640 |
| Altar of Storms | 1 | 180 | / | 50 |
| Orc Burrow | 2 | 320 | / | 80 |
| War Mill | 1 | 205 | / | 0 |
| Voodoo Lounge | 1 | 130 | / | 30 |
| Stronghold | 1 | 315 | / | 190 |
| total: | 13 | 1715g | / | 800w |
| 0:03 | Peon |
| 0:03 | Peon |
| 0:06 | Altar of Storms |
| 0:19 | Orc Burrow |
| 0:22 | Peon |
| 0:36 | Peon |
| 0:49 | War Mill |
| 1:01 | Peon |
| 1:07 | Voodoo Lounge |
| 1:13 | Peon |
| 1:22 | Peon |
| 1:41 | Peon |
| 1:52 | Peon |
| 2:04 | Watch Tower |
| 2:09 | Orc Burrow |
| 2:21 | Pocket Factory |
| 2:35 | Peon |
| 2:35 | Peon |
| 3:15 | Peon |
| 3:15 | Peon |
| 3:40 | Engineering Upgrade |
| 3:44 | Peon |
| 3:56 | Peon |
| 3:56 | Peon |
| 4:26 | Boots of Speed |
| 4:27 | Staff of Teleportation |
| 4:47 | Watch Tower |
| 4:50 | Watch Tower |
| 4:52 | Watch Tower |
| 5:16 | Stronghold |
| 6:08 | Watch Tower |
| 6:11 | Watch Tower |
| 7:17 | Pocket Factory |
| 7:21 | Watch Tower |
| 7:23 | Watch Tower |
| Right click | 376 |
| Select | 112 |
| Build/train/purchase | 24 |
| Misc. action | 19 |
| Use ability | 7 |
| Assign group | 1 |
| Select group | 1 |
iggythefisk
(7:29) : 
| Peasant | 20 | 1500 | / | 0 |
| total: | 20 | 1500g | / | 0w |
| Scout Tower | 35 | 1050 | / | 700 |
| Guard Tower | 14 | 980 | / | 700 |
| Altar of Kings | 1 | 180 | / | 50 |
| Lumber Mill | 1 | 120 | / | 0 |
| Farm | 5 | 400 | / | 100 |
| total: | 42 | 1750g | / | 850w |
| 0:02 | Peasant |
| 0:06 | Altar of Kings |
| 0:10 | Peasant |
| 0:18 | Lumber Mill |
| 0:21 | Farm |
| 0:22 | Peasant |
| 0:32 | Peasant |
| 0:48 | Peasant |
| 0:52 | Farm |
| 0:59 | Peasant |
| 1:13 | Peasant |
| 1:18 | Peasant |
| 1:24 | Improved Masonry |
| 1:25 | Advanced Masonry |
| 1:36 | Peasant |
| 1:44 | Peasant |
| 1:58 | Peasant |
| 2:09 | Summon Water Elemental |
| 2:13 | Peasant |
| 2:27 | Peasant |
| 2:38 | Scout Tower |
| 2:40 | Scout Tower |
| 2:41 | Scout Tower |
| 2:42 | Scout Tower |
| 2:55 | Peasant |
| 2:58 | Scout Tower |
| 3:03 | Guard Tower |
| 3:04 | Scout Tower |
| 3:09 | Guard Tower |
| 3:11 | Peasant |
| 3:17 | Scout Tower |
| 3:22 | Peasant |
| 3:29 | Guard Tower |
| 3:33 | Peasant |
| 3:41 | Peasant |
| 3:55 | Guard Tower |
| 3:56 | Scout Tower |
| 4:17 | Peasant |
| 4:19 | Scout Tower |
| 4:20 | Scout Tower |
| 4:31 | Peasant |
| 4:47 | Guard Tower |
| 5:07 | Guard Tower |
| 5:09 | Scout Tower |
| 5:11 | Scout Tower |
| 5:18 | Scout Tower |
| 5:22 | Scout Tower |
| 5:25 | Scout Tower |
| 5:25 | Scout Tower |
| 5:36 | Guard Tower |
| 5:40 | Scout Tower |
| 5:56 | Farm |
| 5:57 | Farm |
| 6:02 | Guard Tower |
| 6:04 | Brilliance Aura |
| 6:07 | Scout Tower |
| 6:09 | Scout Tower |
| 6:09 | Scout Tower |
| 6:09 | Scout Tower |
| 6:13 | Scout Tower |
| 6:13 | Scout Tower |
| 6:14 | Scout Tower |
| 6:14 | Scout Tower |
| 6:15 | Scout Tower |
| 6:16 | Scout Tower |
| 6:18 | Scout Tower |
| 6:19 | Scout Tower |
| 6:23 | Scout Tower |
| 6:23 | Scout Tower |
| 6:24 | Scout Tower |
| 6:36 | Guard Tower |
| 6:50 | Guard Tower |
| 6:58 | Farm |
| 7:09 | Guard Tower |
| 7:22 | Scout Tower |
| 7:28 | Scout Tower |
| 7:29 | Scout Tower |
| Right click | 415 |
| Assign group | 406 |
| Select | 163 |
| Select group | 140 |
| Build/train/purchase | 63 |
| Chat | 34 |
| Resource trade | 8 |
| Misc. action | 6 |
/ 0.2k
21 buildings @ 3.4k
/ 0.9k

| Peasant | 8 | 600 | / | 0 |
| Ghoul | 1 | 120 | / | 0 |
| total: | 9 | 720g | / | 0w |
| Altar of Kings | 1 | 180 | / | 50 |
| Farm | 3 | 240 | / | 60 |
| Arcane Vault | 1 | 130 | / | 30 |
| Keep | 1 | 320 | / | 210 |
| total: | 5 | 550g | / | 140w |
| 0:07 | Peasant |
| 0:07 | Peasant |
| 0:10 | Altar of Kings |
| 0:12 | Farm |
| 0:29 | Peasant |
| 0:36 | Peasant |
| 0:48 | Peasant |
| 1:17 | Farm |
| 1:18 | Peasant |
| 1:25 | Peasant |
| 1:29 | Ghoul |
| 1:48 | Peasant |
| 2:09 | Keep |
| 2:13 | Summon Water Elemental |
| 2:22 | Arcane Vault |
| 2:28 | Farm |
| Select | 67 |
| Right click | 42 |
| Build/train/purchase | 13 |
| Misc. action | 2 |
| Remove unit | 1 |

| Wisp | 10 | 600 | / | 0 |
| Huntress | 2 | 390 | / | 40 |
| Acolyte | 2 | 150 | / | 0 |
| Ghoul | 1 | 120 | / | 0 |
| Crypt Fiend | 3 | 645 | / | 120 |
| total: | 18 | 1905g | / | 160w |
| Moon Well | 3 | 540 | / | 120 |
| Altar of Elders | 1 | 180 | / | 50 |
| Hunter's Hall | 1 | 210 | / | 100 |
| Ancient of War | 1 | 150 | / | 60 |
| Crypt | 1 | 200 | / | 50 |
| Graveyard | 1 | 215 | / | 0 |
| Ziggurat | 2 | 300 | / | 100 |
| Altar of Darkness | 1 | 180 | / | 50 |
| total: | 11 | 1975g | / | 530w |
| 0:03 | Wisp |
| 0:04 | Wisp |
| 0:11 | Acolyte |
| 0:11 | Acolyte |
| 0:20 | Crypt |
| 0:25 | Graveyard |
| 0:28 | Wisp |
| 0:31 | Moon Well |
| 0:35 | Altar of Elders |
| 0:37 | Wisp |
| 0:37 | Wisp |
| 0:46 | Ziggurat |
| 0:52 | Wisp |
| 0:59 | Wisp |
| 1:04 | Altar of Darkness |
| 1:10 | Wisp |
| 1:28 | Ghoul |
| 1:43 | Wisp |
| 1:49 | Crypt Fiend |
| 1:53 | Ziggurat |
| 1:59 | Hunter's Hall |
| 2:02 | Ancient of War |
| 2:06 | Moon Well |
| 2:12 | Wisp |
| 2:16 | Crypt Fiend |
| 2:37 | Entangling Roots |
| 2:45 | Moon Well |
| 3:02 | Crypt Fiend |
| 3:10 | Huntress |
| 3:10 | Huntress |
| 3:32 | Death Coil |
| Right click | 139 |
| Select | 57 |
| Build/train/purchase | 22 |
| Use ability | 4 |
| Remove unit | 1 |

| Peon | 16 | 1200 | / | 0 |
| Grunt | 2 | 400 | / | 0 |
| total: | 18 | 1600g | / | 0w |
| Watch Tower | 1 | 110 | / | 80 |
| Altar of Storms | 1 | 180 | / | 50 |
| Barracks | 1 | 180 | / | 50 |
| Orc Burrow | 1 | 160 | / | 40 |
| War Mill | 1 | 205 | / | 0 |
| total: | 5 | 835g | / | 220w |
| 0:04 | Peon |
| 0:04 | Peon |
| 0:09 | Altar of Storms |
| 0:14 | Barracks |
| 0:24 | Peon |
| 0:40 | Orc Burrow |
| 0:47 | Peon |
| 1:12 | Peon |
| 1:50 | War Mill |
| 1:56 | Peon |
| 2:10 | Grunt |
| 2:32 | Endurance Aura |
| 2:40 | Grunt |
| 2:46 | Peon |
| 2:46 | Peon |
| 2:47 | Peon |
| 2:47 | Peon |
| 2:47 | Peon |
| 5:05 | Peon |
| 5:05 | Peon |
| 5:05 | Peon |
| 5:05 | Peon |
| 5:06 | Peon |
| 5:10 | Watch Tower |
| Right click | 113 |
| Select | 93 |
| Build/train/purchase | 21 |
| Misc. action | 11 |
| Chat | 4 |
| Use ability | 1 |
⇛